 Dungeon Crawl Stone Soup version 0.28-b1-1-g3c77fb2ed1 (webtiles) character file.

Game seed: 80216223857957088

122 zeram the Ducker (level 4, 0/23 HPs)
             Began as a Spriggan Fighter on Jan 28, 2022.
             Slain by a sky beast (5 damage)
             ... on level 3 of the Dungeon.
             The game lasted 00:02:28 (2374 turns).

zeram the Ducker (Spriggan Fighter)                 Turns: 2374, Time: 00:02:28

Health: 0/23       AC:  2    Str: 12    XL:     4   Next: 78%
Magic:  5/5        EV: 18    Int: 11    God:
Gold:   79         SH:  7    Dex: 14    Spells: 3/3 levels left

rFire   . . .      SeeInvis +   a - +0 rapier
rCold   . . .      Faith    .   c - +1 buckler
rNeg    . . .      Spirit   .   b - +0 robe
rPois   .          Reflect  .   (helmet restricted)
rElec   .          Harm     .   (no cloak)
rCorr   .          Rampage  .   (gloves unavailable)
Will    .....                   (boots unavailable)
Stlth   +.........              (no amulet)
HPRegen 0.07/turn               (no ring)
MPRegen 0.09/turn               (no ring)

@: invisible, very quick
A: very small, no large weapons, unfitting armour, see invisible, speed 3
a: no special abilities


You were on level 3 of the Dungeon.
You visited 1 branch of the dungeon, and saw 3 of its levels.

You collected 79 gold pieces.

Inventory:

Hand Weapons
 a - a +0 rapier (weapon)
Armour
 b - a +0 robe (worn)
 c - a +1 buckler (worn)
Scrolls
 g - 2 scrolls of teleportation
Potions
 d - a potion of might
 f - a potion of resistance
 h - a potion of heal wounds {unknown}


   Skills:
 - Level 2.4 Fighting
 + Level 4.1 Short Blades
 + Level 5.2 Dodging
 + Level 2.7 Shields


You had 3 spell levels left.
You didn't know any spells.
Your spell library contained the following spells:

 Spells                   Type           Power      Damage    Failure   Level
 Frozen Ramparts          Ice            0%         1d2       91%         3
 Ice Form                 Ice/Tmut       0%         N/A       100%        4
 Summon Ice Beast         Ice/Summ       0%         N/A       100%        4


Dungeon Overview and Level Annotations

Branches:
Dungeon (3/15)

Altars:
Beogh

Shops:
D:2 =


Innate Abilities, Weirdness & Mutations

You are very small and have problems with some larger weapons.
You are too small for most types of armour.
You have supernaturally acute eyesight. (SInv)
You cover ground extremely quickly. (Speed+++)


Message History

Found a glowing whip.
You see here a +0 whip of electrocution.
A sky beast comes into view.
A sky beast is nearby!
A sky beast is nearby!
A sky beast is nearby!
A bat comes into view.
The bat barely misses you.
The sky beast flickers out of sight for a moment.
The sky beast misses you.
You hit the sky beast.
The sky beast is lightly wounded.
The bat barely misses you. The bat hits you but does no damage.
The sky beast barely misses you.
You barely miss the sky beast.
The sky beast is lightly wounded.
You block the bat's attack. The bat barely misses you.
The sky beast misses you. The bat closely misses you.
The bat completely misses you.
You hit the bat.
The bat is moderately wounded.
The bat misses you.
You hit the sky beast but do no damage.
The sky beast is lightly wounded.
The sky beast completely misses you.
You closely miss the sky beast.
The sky beast is lightly wounded.
The sky beast hits you. The sky beast shocks you.
You completely miss the sky beast.
The sky beast is lightly wounded.
The sky beast flickers out of sight for a moment.
The sky beast misses you.
You closely miss the sky beast.
The sky beast is lightly wounded.
The sky beast hits you. The sky beast shocks you.
You fade into invisibility!
The sky beast hits you.
* * * LOW HITPOINT WARNING * * *
The sky beast shocks you.
You die...

#.# #.# ## ##
#.# #.. ..
#.# #.##. #)#
#.#. #.# ...
#.# #.#
#.######.##
#.....@Yb.#.#
########...#
#..## #...#
#..#.# #.#.##
.###. # #


You could see a sky beast (invisible) and a bat.

Vanquished Creatures
  2 orc priests (D:3)
  An adder (D:2)
  2 dart slugs
  An orc (D:3)
  An endoplasm (D:1)
  A giant cockroach (D:1)
  5 goblins
  8 hobgoblins
  3 jackals (D:2)
  3 quokkas
  2 ball pythons (D:2)
  2 bats (D:1)
  6 frilled lizards
  5 kobolds (D:1)
  5 rats
47 creatures vanquished.

Notes
Turn   | Place    | Note
-------+----------+-------------------------------------------
     0 | D:1      | zeram the Spriggan Fighter began the quest for the Orb.
     0 | D:1      | Reached XP level 1. HP: 11/11 MP: 2/2
   148 | D:1      | Reached XP level 2. HP: 5/16 MP: 3/3
  1298 | D:1      | Found a faded altar of an unknown god.
  1353 | D:2      | Reached XP level 3. HP: 19/19 MP: 4/4
  1598 | D:2      | Found Wedej's Jewellery Shop.
  2166 | D:3      | Reached skill level 5 in Dodging
  2166 | D:3      | Reached XP level 4. HP: 23/23 MP: 5/5
  2359 | D:3      | Noticed a sky beast
  2374 | D:3      | Slain by a sky beast

Illustrated notes

Levels and vault maps discovered:
D:1:      lemuel_arrival_funnel, layout_loops_ring,
          dreamdust_ecumenical_altar_hidden_monk_grotto
D:2:      layout_basic, serial_shops, nicolae_shop_hallway_plus
D:3:      layout_loops_ring, kennysheep_orc_chapel

Skill      XL: |  1  2  3  4 |
---------------+-------------+-----
Short Blades   | 3 4 |  4.1
Dodging        | 5 |  5.2
Fighting       | |  2.4
Shields        | |  2.7

Action                   |  1- 3 |  4- 6 || total
-------------------------+-------+-------++-------
Melee: Rapier            |   123 |    18 ||   141
  Use: Scroll            |     4 |       ||     4
       Potion            |       |     1 ||     1
 Stab: Sleeping          |     1 |       ||     1
Armor: Robe              |     8 |     1 ||     9
Dodge: Dodged            |    85 |    18 ||   103
Block: Buckler           |    31 |     6 ||    37
